 Dungeon Crawl Stone Soup version 0.29.0-4-gdea44cf6ec (webtiles) character file.

Game seed: 7143334381400727348

6901 qw the Cleaver (level 11, -8/66 HPs)
             Began as a Tengu Warper on Aug 28, 2022.
             Was a Priest of Okawaru.
             Killed from afar by a molten gargoyle (16 damage)
             ... with a bolt of magma
             ... on level 9 of the Dungeon.
             The game lasted 00:01:02 (9692 turns).

qw the Cleaver (Tengu Warper)                       Turns: 9692, Time: 00:01:03

Health: -8/66      AC: 14    Str: 15    XL:     11   Next: 6%
Magic:  13/15      EV: 12    Int: 13    God:    Okawaru [***...]
Gold:   485        SH:  8    Dex: 15    Spells: 14/14 levels left

rFire   + . .      SeeInvis .   p - +0 war axe
rCold   + + .      Faith    .   b - +2 buckler {rC+}
rNeg    + . .      Spirit   .   c - +0 chain mail
rPois   .          Reflect  .   j - +2 hat {Stlth+}
rElec   .          Harm     .   l - scarf {rC+ rF+}
rCorr   .          Rampage  .   d - +0 pair of gloves
Will    +....                   (boots unavailable)
Stlth   +.........              (no amulet)
HPRegen 0.21/turn               e - ring of willpower
MPRegen 0.14/turn               i - ring of positive energy

@: heroic, flying quickly and evasively, quick
A: beak, talons 3, nimble flight
a: Renounce Religion, Heroism


You were on level 9 of the Dungeon.
You worshipped Okawaru.
Okawaru was most pleased with you.
You visited 2 branches of the dungeon, and saw 10 of its levels.

You collected 485 gold pieces.


Innate Abilities, Weirdness & Mutations

You have a beak for a mouth.
You have claws for feet.
Your magical nature lets you fly swiftly and evasively.


   Skills:
 - Level 6.4(11.4) Fighting
 - Level 13.2(18.2) Axes
 - Level 3.2(8.2) Throwing
 + Level 4.4(9.4) Armour
 - Level 5.9(10.9) Dodging
 - Level 4.2(9.2) Shields
 - Level 2.0 Spellcasting
 - Level 2.4 Translocations
 - Level 4.0 Invocations


You had 14 spell levels left.
You didn't know any spells.
Your spell library contained the following spells:

 Spells                   Type           Power      Damage    Failure   Level
 Blink                    Tloc           14%        N/A       93%         2
 Gell's Gravitas          Tloc           7%         N/A       99%         3
 Lesser Beckoning         Tloc           7%         N/A       99%         3
 Teleport Other           Tloc           7%         N/A       99%         3
 Manifold Assault         Tloc           7%         N/A       100%        5

Inventory:

Hand Weapons
 o - a +3 morningstar of draining
 p - a +0 war axe (weapon)
Missiles
 k - a boomerang (quivered)
Armour
 b - a +2 buckler of cold resistance (worn)
 c - a +0 chain mail (worn)
 d - a +0 pair of gloves (worn)
 f - a +1 cloak
 j - a +2 hat of stealth (worn)
 l - a scarf of resistance (worn)
Jewellery
 e - a ring of willpower (left hand)
 i - a ring of positive energy (right hand)
Scrolls
 a - a scroll of identify
Potions
 g - a potion of might
 n - a potion of curing

Dungeon Overview and Level Annotations

Branches:
Dungeon (9/15)             Temple (1/1) D:7            Lair (0/5) D:9
    Orc (0/2) D:9

Altars:
Ashenzari
Cheibriados
Dithmenos
Elyvilon
Fedhas
Gozag
Hepliaklqana
Kikubaaqudgha
Makhleb
Nemelex Xobeh
Okawaru
Qazlal
Ru
Sif Muna
Trog
Uskayaw
Wu Jian
Xom
Yredelemnul
The Shining One


Message History

Done exploring.
(D) Dungeon (T) Temple (L) Lair (O) Orcish Mines
Where to? (* - list waypoints, Enter - D:9, ? - help)
What level of the Dungeon? (default 1, ? - help)
You fly downwards.
There is a stone staircase leading up here.
Items here: " % ( )).
Things that are here:
2 poisoned darts; a +0 dagger; a kobold skeleton You see here a +0 mace.
A molten gargoyle is nearby!
A molten gargoyle comes into view. It is wielding a +0 flail.
The molten gargoyle hits you with a +0 mace!
You are engulfed in flames.
You resist.
The lava snake hisses angrily.
You slash the molten gargoyle! You claw the molten gargoyle.
The molten gargoyle is moderately damaged.
You slash the molten gargoyle!
You claw the molten gargoyle, but do no damage.
The molten gargoyle is heavily damaged.
You slash the molten gargoyle! Your kick misses the molten gargoyle.
The molten gargoyle is severely damaged.
You block the molten gargoyle's attack.
You slash the molten gargoyle!
You destroy the molten gargoyle!
Okawaru accepts your kill.
Okawaru will now gift you throwing weapons as you gain piety.
The molten gargoyle blasts magma at you!
The bolt of magma hits you. You partially resist.
Your Armour skill increases to level 4!
The molten gargoyle hits you with a +0 flail!!
You are engulfed in flames.
You resist.
9691 ||| INVOKING Heroism.
You gain the combat prowess of a mighty hero.
The molten gargoyle blasts magma at you!
The bolt of magma hits you! You partially resist.
You barely miss the molten gargoyle. Your kick misses the molten gargoyle.
The molten gargoyle blasts magma at you!
The bolt of magma hits you! You partially resist.
You die...

#.... .¤~~~~~ .# #...
#.¤~88~ .. #... ..~¤88~
.# #... .~¤¤~¤~~.## #...
.~¤~S~ .#.# #### ...¤¤¤
..## #.#.#9#.#.#
.#.#.#@#.#####.########
.......)................
####...>....#########.##
#....()..# #.#
#....(...# #.#
#...."...# #.#
#........#########.##
.................<..>..
############.#####.....


You could see a molten gargoyle and a lava snake.

Vanquished Creatures
  A death yak (D:9)
  Pikel (D:4)
  3 molten gargoyles (D:9)
  Psyche (D:8)
  Grinder (D:4)
  A wyvern (D:9)
  A basilisk (D:9)
  5 yaks (D:8)
  A water moccasin (D:6)
  An orc warrior (D:9)
  2 black bears
  An ice beast (D:6)
  A sky beast (D:8)
  3 centaurs
  2 ogres
  A kobold brigand (D:9)
  Blork the orc (D:4)
  7 bullfrogs
  2 scorpions
  7 wights (D:8)
  9 killer bees
  A howler monkey (D:9)
  A gnoll bouda (D:9)
  4 hounds
  4 orc priests (D:9)
  7 jellies
  7 iguanas
  4 orc wizards
  9 gnolls
  A river rat (D:3)
  8 adders
  2 white imps
  2 ufetubi
  An adder zombie (D:3)
  4 worms
  4 dart slugs
  13 orcs
  7 endoplasms
  9 giant cockroaches
  5 goblins
  14 hobgoblins
  4 jackals (D:1)
  9 kobolds
  3 quokkas
  7 ball pythons
  A ball python skeleton (D:3)
  3 bats
  4 frilled lizards
  6 rats
196 creatures vanquished.

Vanquished Creatures (others)
  A fungus (D:9)
  A plant (D:9)
  A withered plant (D:3)
3 creatures vanquished.

Grand Total: 199 creatures vanquished

Notes
Turn   | Place    | Note
-------+----------+-------------------------------------------
     0 | D:1      | qw the Tengu Warper began the quest for the Orb.
     0 | D:1      | Reached XP level 1. HP: 12/12 MP: 4/4
     0 | D:1      | 0 ||| qw: Version: 0.1-a-89-g26bdef1
     0 | D:1      | 0 ||| qw: Game counter: 853
     0 | D:1      | 0 ||| qw: Always use a shield: true
     0 | D:1      | 0 ||| qw: God list: Okawaru
     0 | D:1      | 0 ||| qw: Allow faded altars: false
     0 | D:1      | 0 ||| qw: Do Orc after D:15 true
     0 | D:1      | 0 ||| qw: Do second Lair branch before Depths: true
     0 | D:1      | 0 ||| qw: Lair rune preference: random
     0 | D:1      | 0 ||| qw: Plans: Normal
     0 | D:1      | 0 ||| PLANNING D:1-11
     5 | D:1      | 5 ||| Stepping ~*~*~tactically~*~*~ (stealth).
    12 | D:1      | 12 ||| Stepping ~*~*~tactically~*~*~ (stealth).
    14 | D:1      | 14 ||| Stepping ~*~*~tactically~*~*~ (stealth).
    54 | D:1      | Reached XP level 2. HP: 6/17 MP: 6/6
   335 | D:1      | Reached skill level 3 in Axes
   432 | D:1      | 432 ||| DROPPING +0 whip.
   579 | D:1      | Reached XP level 3. HP: 21/21 MP: 7/7
   880 | D:1      | Reached skill level 4 in Axes
  1136 | D:1      | 1136 ||| UPGRADING to +0 ring mail.
  1146 | D:1      | 1146 ||| DROPPING +0 leather armour.
  1147 | D:1      | 1147 ||| UPGRADING to +2 hat of stealth.
  1152 | D:1      | 1152 ||| UPGRADING to +1 ring mail of cold resistance.
  1162 | D:1      | 1162 ||| DROPPING +0 ring mail.
  1163 | D:1      | 1163 ||| DROPPING amulet of magic regeneration.
  1164 | D:1      | 1164 ||| DROPPING +6 ring of intelligence.
  1165 | D:1      | 1165 ||| DROPPING ring of wizardry.
  1166 | D:1      | 1166 ||| READING scroll labelled RAEDEF FUOFA.
  1167 | D:1      | 1167 ||| READING scroll labelled HOWKYDE QISUI.
  1168 | D:1      | 1168 ||| READING scroll labelled DOIHACHI ORUPT.
  1269 | D:1      | 1269 ||| READING scroll labelled TOGOB NAHEN.
  1270 | D:1      | 1270 ||| DROPPING scroll of blinking.
  1447 | D:2      | Reached XP level 4. HP: 26/26 MP: 8/8
  1447 | D:2      | Found Doym's Antique Armour Emporium.
  1470 | D:2      | 1470 ||| DROPPING +0 whip.
  1870 | D:2      | Found a faded altar of an unknown god.
  1873 | D:2      | 1873 ||| Stepping ~*~*~tactically~*~*~ (stealth).
  1875 | D:2      | 1875 ||| Stepping ~*~*~tactically~*~*~ (stealth).
  1877 | D:2      | 1877 ||| Stepping ~*~*~tactically~*~*~ (stealth).
  1884 | D:2      | Reached skill level 5 in Axes
  1952 | D:2      | 1952 ||| UPGRADING to +0 pair of gloves.
  1957 | D:2      | 1957 ||| READING scroll labelled YSMAXZ HAVOCI.
  1957 | D:2      | Identified a scroll of acquirement
  1957 | D:2      | 1957 ||| ACQUIRING +2 buckler of cold resistance
  1957 | D:2      | Acquired a +2 buckler of cold resistance
  1959 | D:2      | 1959 ||| UPGRADING to +2 buckler of cold resistance.
  1964 | D:2      | 1964 ||| READING scroll labelled YCLULI ZILASTRO.
  1965 | D:2      | 1965 ||| DRINKING 2 lumpy pink potions.
  1998 | D:2      | 1998 ||| DRINKING 3 coppery potions.
  1999 | D:2      | 1999 ||| DROPPING potion of lignification.
  2000 | D:2      | 2000 ||| DROPPING 2 potions of attraction.
  2029 | D:3      | 2029 ||| PLANNING SEWER
  2149 | D:3      | 2149 ||| Stepping ~*~*~tactically~*~*~ (stealth).
  2151 | D:3      | 2151 ||| Stepping ~*~*~tactically~*~*~ (stealth).
  2189 | D:3      | Reached skill level 1 in Shields
  2405 | D:3      | 2405 ||| Stepping ~*~*~tactically~*~*~ (stealth).
  2406 | D:3      | 2406 ||| Stepping ~*~*~tactically~*~*~ (stealth).
  2407 | D:3      | 2407 ||| Stepping ~*~*~tactically~*~*~ (stealth).
  2441 | D:3      | Gained mutation: Your magical nature lets you fly swiftly
                  | and evasively. [Tengu growth]
  2441 | D:3      | Reached XP level 5. HP: 30/30 MP: 9/9
  2692 | D:3      | 2692 ||| RIP SEWER
  2726 | D:3      | 2726 ||| PLANNING D:1-11
  2741 | D:3      | 2741 ||| Stepping ~*~*~tactically~*~*~ (stealth).
  2748 | D:3      | 2748 ||| Stepping ~*~*~tactically~*~*~ (stealth).
  2750 | D:3      | 2750 ||| Stepping ~*~*~tactically~*~*~ (stealth).
  2869 | D:3      | 2869 ||| DROPPING +1 robe of positive energy.
  2870 | D:3      | 2870 ||| DROPPING +2 robe of cold resistance.
  2871 | D:3      | 2871 ||| READING scroll labelled KOPTUOBRE.
  2920 | D:4      | Noticed Blork the orc
  2921 | D:4      | 2921 ||| STAIRDANCE
  2927 | D:4      | 2927 ||| STAIRDANCE
  2937 | D:3      | Reached skill level 6 in Axes
  3036 | D:4      | Killed Blork the orc
  3037 | D:4      | Reached XP level 6. HP: 25/35 MP: 10/10
  3128 | D:4      | 3128 ||| SWAPPING to +1 hand axe of electrocution.
  3129 | D:4      | 3129 ||| DROPPING +1 hand axe.
  3231 | D:4      | You are sucked into a shaft and drop 2 floors!
  3236 | D:6      | Reached skill level 7 in Axes
  3319 | D:6      | 3319 ||| Stepping ~*~*~tactically~*~*~ (hiding).
  3334 | D:6      | Reached skill level 3 in Fighting
  3334 | D:6      | Reached XP level 7. HP: 29/41 MP: 11/11
  3356 | D:6      | 3356 ||| Stepping ~*~*~tactically~*~*~ (stealth).
  3373 | D:6      | 3373 ||| Stepping ~*~*~tactically~*~*~ (stealth).
  3374 | D:6      | 3374 ||| Stepping ~*~*~tactically~*~*~ (stealth).
  3375 | D:6      | 3375 ||| Stepping ~*~*~tactically~*~*~ (stealth).
  3376 | D:6      | 3376 ||| Stepping ~*~*~tactically~*~*~ (stealth).
  3516 | D:6      | 3516 ||| DROPPING +2 mace of protection.
  3633 | D:6      | 3633 ||| Stepping ~*~*~tactically~*~*~ (stealth).
  3636 | D:6      | 3636 ||| Stepping ~*~*~tactically~*~*~ (hiding).
  3694 | D:6      | 3694 ||| Stepping ~*~*~tactically~*~*~ (stealth).
  3704 | D:6      | 3704 ||| DRINKING 3 dark potions.
  3705 | D:6      | 3705 ||| DRINKING 2 glowing coppery potions.
  3713 | D:5      | Entered Level 5 of the Dungeon
  3765 | D:5      | Reached skill level 8 in Axes
  3831 | D:5      | 3831 ||| Stepping ~*~*~tactically~*~*~ (stealth).
  3860 | D:5      | 3860 ||| READING scroll labelled CUUPYN RUZYLLU.
  3861 | D:5      | 3861 ||| DRINKING 2 golden potions.
  3862 | D:5      | 3862 ||| DRINKING 2 bubbling golden potions.
  3863 | D:5      | 3863 ||| DROPPING potion of degeneration.
  3864 | D:5      | 3864 ||| DROPPING potion of brilliance.
  3909 | D:4      | 3909 ||| Stepping ~*~*~tactically~*~*~ (hiding).
  4011 | D:4      | 4011 ||| Stepping ~*~*~tactically~*~*~ (stealth).
  4013 | D:4      | 4013 ||| Stepping ~*~*~tactically~*~*~ (stealth).
  4015 | D:4      | 4015 ||| Stepping ~*~*~tactically~*~*~ (stealth).
  4019 | D:4      | 4019 ||| Stepping ~*~*~tactically~*~*~ (hiding).
  4112 | D:4      | Reached XP level 8. HP: 46/46 MP: 12/12
  4116 | D:4      | Noticed Grinder
  4127 | D:4      | Reached skill level 3 in Dodging
  4141 | D:4      | Killed Grinder
  4142 | D:4      | Reached skill level 9 in Axes
  4144 | D:4      | 4144 ||| FLEEEEING.
  4145 | D:4      | 4145 ||| STAIRDANCE
  4314 | D:4      | Noticed Pikel
  4327 | D:4      | 4327 ||| Stepping ~*~*~tactically~*~*~ (stealth).
  4336 | D:4      | HP: 4/48 [Pikel/+1 whip of freezing (15)]
  4337 | D:4      | 4337 ||| DRINKING 3 potions of heal wounds.
  4338 | D:4      | 4338 ||| DRINKING 2 potions of heal wounds.
  4344 | D:4      | Killed Pikel
  4345 | D:4      | Reached skill level 6 in Fighting
  4504 | D:4      | Reached XP level 9. HP: 56/56 MP: 13/13
  4844 | D:4      | 4844 ||| UPGRADING to ring of willpower.
  4845 | D:4      | 4845 ||| READING scroll labelled TYJUEXA LUNN.
  5210 | D:5      | Found a sacrificial altar of Ru.
  5345 | D:5      | 5345 ||| Stepping ~*~*~tactically~*~*~ (stealth).
  5512 | D:5      | 5512 ||| UPGRADING to +1 cloak.
  5517 | D:5      | 5517 ||| UPGRADING to ring of positive energy.
  5525 | D:6      | 5525 ||| Stepping ~*~*~tactically~*~*~ (stealth).
  5696 | D:6      | 5696 ||| Stepping ~*~*~tactically~*~*~ (stealth).
  5734 | D:6      | Reached skill level 10 in Axes
  5861 | D:6      | 5861 ||| Stepping ~*~*~tactically~*~*~ (stealth).
  6000 | D:6      | Found an opulent altar of Gozag.
  6016 | D:6      | 6016 ||| Stepping ~*~*~tactically~*~*~ (stealth).
  6415 | D:7      | Identified the +7 sling "Jorin" {vorpal, rPois}
  6431 | D:7      | Found a staircase to the Ecumenical Temple.
  6432 | D:7      | 6432 ||| PLANNING TEMPLE
  6432 | D:7      | 6432 ||| READING scroll labelled VIWNIGG LAAQIAXU.
  6440 | Temple   | Entered the Ecumenical Temple
  6455 | Temple   | Became a worshipper of Warmaster Okawaru
  6610 | Temple   | 6610 ||| PLANNING D:1-11
  6643 | D:7      | Reached skill level 3 in Shields
  6654 | D:7      | 6654 ||| Stepping ~*~*~tactically~*~*~ (stealth).
  6661 | D:7      | 6661 ||| Stepping ~*~*~tactically~*~*~ (stealth).
  6665 | D:7      | 6665 ||| Stepping ~*~*~tactically~*~*~ (stealth).
  6684 | D:7      | 6684 ||| Stepping ~*~*~tactically~*~*~ (stealth).
  6686 | D:7      | 6686 ||| Stepping ~*~*~tactically~*~*~ (stealth).
  6758 | D:7      | 6758 ||| Stepping ~*~*~tactically~*~*~ (stealth).
  6763 | D:7      | 6763 ||| Stepping ~*~*~tactically~*~*~ (stealth).
  6765 | D:7      | 6765 ||| Stepping ~*~*~tactically~*~*~ (hiding).
  6772 | D:7      | 6772 ||| Stepping ~*~*~tactically~*~*~ (stealth).
  6850 | D:7      | Found a sparkling altar of Nemelex Xobeh.
  6977 | D:7      | 6977 ||| Stepping ~*~*~tactically~*~*~ (stealth).
  6980 | D:7      | 6980 ||| Stepping ~*~*~tactically~*~*~ (hiding).
  6981 | D:7      | 6981 ||| Stepping ~*~*~tactically~*~*~ (hiding).
  6982 | D:7      | 6982 ||| Stepping ~*~*~tactically~*~*~ (hiding).
  6994 | D:7      | HP: 11/56 [centaur/bolt of acid (16)]
  6995 | D:7      | 6995 ||| READING scroll of teleportation.
  6996 | D:7      | 6996 ||| DRINKING potion of heal wounds.
  6998 | D:7      | Reached skill level 3 in Throwing
  7132 | D:7      | 7132 ||| Stepping ~*~*~tactically~*~*~ (hiding).
  7144 | D:7      | 7144 ||| Stepping ~*~*~tactically~*~*~ (hiding).
  7147 | D:7      | 7147 ||| Stepping ~*~*~tactically~*~*~ (hiding).
  7331 | D:7      | 7331 ||| READING scroll labelled OQODGH GENOKADE.
  7332 | D:7      | 7332 ||| READING 2 scrolls of identify.
  7332 | D:7      | 7332 ||| IDENTIFYING pink potion
  7333 | D:7      | 7333 ||| DROPPING potion of invisibility.
  7536 | D:8      | Noticed Psyche
  7562 | D:8      | HP: 12/56 [something (9)]
  7579 | D:8      | Killed Psyche
  7580 | D:8      | Reached skill level 11 in Axes
  7881 | D:8      | 7881 ||| Stepping ~*~*~tactically~*~*~ (stealth).
  7882 | D:8      | 7882 ||| Stepping ~*~*~tactically~*~*~ (stealth).
  7883 | D:8      | 7883 ||| Stepping ~*~*~tactically~*~*~ (stealth).
  7894 | D:8      | 7894 ||| Stepping ~*~*~tactically~*~*~ (stealth).
  7898 | D:8      | 7898 ||| Stepping ~*~*~tactically~*~*~ (stealth).
  7900 | D:8      | Reached skill level 3 in Armour
  7909 | D:8      | 7909 ||| Stepping ~*~*~tactically~*~*~ (stealth).
  7922 | D:8      | Reached * piety under Okawaru
  7971 | D:8      | Reached XP level 10. HP: 61/61 MP: 14/14
  7977 | D:8      | Reached skill level 1 in Invocations
  7987 | D:8      | 7987 ||| DROPPING +0 flail.
  7990 | D:8      | 7990 ||| Stepping ~*~*~tactically~*~*~ (stealth).
  8046 | D:8      | 8046 ||| Stepping ~*~*~tactically~*~*~ (stealth).
  8048 | D:8      | 8048 ||| Stepping ~*~*~tactically~*~*~ (stealth).
  8050 | D:8      | 8050 ||| Stepping ~*~*~tactically~*~*~ (stealth).
  8088 | D:8      | 8088 ||| INVOKING Heroism.
  8094 | D:8      | Reached skill level 3 in Invocations
  8412 | D:8      | 8412 ||| Stepping ~*~*~tactically~*~*~ (stealth).
  8415 | D:8      | 8415 ||| Stepping ~*~*~tactically~*~*~ (stealth).
  8419 | D:8      | 8419 ||| Stepping ~*~*~tactically~*~*~ (stealth).
  8420 | D:8      | 8420 ||| Stepping ~*~*~tactically~*~*~ (stealth).
  8425 | D:8      | 8425 ||| INVOKING Heroism.
  8427 | D:8      | Reached skill level 12 in Axes
  8721 | D:8      | Reached ** piety under Okawaru
  8774 | D:8      | 8774 ||| UPGRADING to scarf of resistance.
  8814 | D:9      | Found a staircase to the Orcish Mines.
  8815 | D:9      | 8815 ||| INVOKING Heroism.
  8921 | D:9      | 8921 ||| SWAPPING to +0 war axe.
  8922 | D:9      | 8922 ||| DROPPING +1 hand axe of electrocution.
  8982 | D:9      | Noticed a death yak
  8982 | D:9      | 8982 ||| Stepping ~*~*~tactically~*~*~ (stealth).
  8991 | D:9      | 8991 ||| INVOKING Heroism.
  8992 | D:9      | 8992 ||| Stepping ~*~*~tactically~*~*~ (stealth).
  9008 | D:9      | Found a staircase to the Lair.
  9015 | D:9      | 9015 ||| INVOKING Heroism.
  9027 | D:9      | Killed a death yak
  9028 | D:9      | Reached skill level 13 in Axes
  9089 | D:9      | 9089 ||| Stepping ~*~*~tactically~*~*~ (hiding).
  9191 | D:9      | 9191 ||| Stepping ~*~*~tactically~*~*~ (stealth).
  9193 | D:9      | 9193 ||| Stepping ~*~*~tactically~*~*~ (hiding).
  9196 | D:9      | 9196 ||| Stepping ~*~*~tactically~*~*~ (hiding).
  9197 | D:9      | 9197 ||| Stepping ~*~*~tactically~*~*~ (hiding).
  9198 | D:9      | 9198 ||| Stepping ~*~*~tactically~*~*~ (hiding).
  9200 | D:9      | 9200 ||| INVOKING Heroism.
  9363 | D:9      | Noticed a molten gargoyle
  9365 | D:9      | Noticed a molten gargoyle
  9365 | D:9      | Noticed a molten gargoyle
  9369 | D:9      | 9369 ||| INVOKING Heroism.
  9374 | D:9      | Killed a molten gargoyle
  9381 | D:9      | HP: 12/61 [molten gargoyle/+0 mace (7)]
  9384 | D:9      | Killed a molten gargoyle
  9385 | D:9      | Reached XP level 11. HP: 8/66 MP: 13/15
  9386 | D:9      | 9386 ||| FLEEEEING.
  9387 | D:9      | 9387 ||| FLEEEEING.
  9395 | D:9      | 9395 ||| STAIRDANCE
  9658 | D:8      | 9658 ||| UPGRADING to +0 chain mail.
  9668 | D:8      | 9668 ||| DROPPING +0 scale mail.
  9669 | D:8      | 9669 ||| DROPPING +1 ring mail of cold resistance.
  9689 | D:9      | Reached *** piety under Okawaru
  9691 | D:9      | 9691 ||| INVOKING Heroism.
  9691 | D:9      | HP: 7/66 [molten gargoyle/bolt of magma (16)]
  9692 | D:9      | Killed from afar by a molten gargoyle

Levels and vault maps discovered:
D:1:      dpeg_arrival_shrine, layout_basic
D:2:      minmay_angry_zag, layout_rooms, serial_shops, nicolae_shop_stone,
          ebering_ecumenical_altar_mist
D:3:      minmay_octagon_keep, layout_basic, portal_sewer_entry_e,
          serial_undead, serial_undead_f, serial_undead_c, serial_undead_f,
          serial_undead_c, serial_undead_e
D:4:      layout_loops_cross, uniq_grinder, uniq_blork_the_orc, uniq_pikel
D:5:      layout_basic, overflow_temple_1_default
D:6:      layout_basic, grunt_gozag_breadcrumbs, patterned_corridor
D:7:      layout_cave_pools, nemelex_spade_bored_becter, temple_statues,
          sigmund_army
D:8:      layout_loops_corners, onia_ninara_dug_in_and_dangerous, uniq_psyche
D:9:      layout_small_grid, nicolae_vehumet_radiance, david_lair_generic,
          david_orc_3, minivault_27, minmay_misc_feat_alley,
          nrook_mini_backslash, minivault_8
Temple:   bh_familiar_temple

Skill      XL: |  1  2  3  4  5  6  7  8  9 10 11 |
---------------+----------------------------------+-----
Axes           | 3 4 5 6 7 8 9 11 13 | 13.2
Shields        | 1 2 3 4 |  4.2
Fighting       | 3 6 |  6.4
Throwing       | 2 3 |  3.2
Dodging        | 3 4 5 |  5.9
Armour         | 2 3 4 |  4.4
Invocations    | 4 |  4.0
Spellcasting   | |  2.0
Translocations | |  2.4

Action                   |  1- 3 |  4- 6 |  7- 9 | 10-12 || total
-------------------------+-------+-------+-------+-------++-------
Melee: Hand axe          |    54 |   112 |   231 |    95 ||   492
       Kick              |    11 |    28 |    65 |    62 ||   166
       Peck              |     4 |    17 |    46 |    32 ||    99
       Unarmed           |       |       |    15 |       ||    15
       War axe           |       |       |       |    66 ||    66
Throw: Boomerang         |    47 |    33 |    42 |    21 ||   143
       Javelin           |       |    42 |    31 |       ||    73
Invok: Heroism           |       |       |       |     8 ||     8
  Use: Scroll            |     4 |     3 |     6 |       ||    13
       Potion            |       |     2 |     7 |       ||     9
 Stab: Distracted        |       |       |     1 |       ||     1
Armor: Leather armour    |    18 |       |       |       ||    18
       Ring mail         |     3 |    34 |    57 |    25 ||   119
Dodge: Dodged            |    42 |    44 |    96 |    68 ||   250
Block: Buckler           |       |    22 |    50 |    34 ||   106

Table legend:
 A = Non-vault XP
 B = Vault XP
 C = Vault XP percentage of total XP
 D = Non-vault monster count
 E = Vault monster count
 F = Vault count percentage of total count
                 A         B        C        D         E       F
            +---------+---------+-------+---------+---------+-------
      Total |    5337 |    4522 |  45.9 |     151 |      45 |  23.0
            +---------+---------+-------+---------+---------+-------
        D:1 |      54 |       0 |   0.0 |      22 |       0 |   0.0
        D:2 |      47 |      15 |  24.2 |      17 |       5 |  22.7
        D:3 |      80 |      71 |  47.0 |      15 |      18 |  54.5
        D:4 |     493 |     995 |  66.9 |      20 |       3 |  13.0
        D:5 |     216 |       0 |   0.0 |      10 |       0 |   0.0
        D:6 |    1119 |       0 |   0.0 |      22 |       0 |   0.0
        D:7 |     807 |      19 |   2.3 |      15 |       3 |  16.7
        D:8 |    2274 |     383 |  14.4 |      21 |       1 |   4.5
        D:9 |     247 |    3039 |  92.5 |       9 |      15 |  62.5
            +---------+---------+-------+---------+---------+-------
